 Dungeon Crawl Stone Soup version 0.27-a0-380-g150de4c316 (webtiles) character file.

Game seed: 6065621225071417293

933 lunkers the Stinger (level 8, -11/44 HPs)
             Began as a Kobold Venom Mage on Feb 17, 2021.
             Killed by divine providence
             ... invoked by an orc priest
              (14 damage)
             ... on level 6 of the Dungeon.
             The game lasted 00:08:12 (6524 turns).

lunkers the Stinger (Kobold Venom Mage)             Turns: 6524, Time: 00:08:13

Health: -11/44     AC: 10    Str:  5    XL:     8   Next: 33%
Magic:  1/16       EV: 15    Int: 19    God:
Gold:   271        SH:  0    Dex: 15    Spells: 10/17 levels left

rFire    . . .     SeeInvis .   r - +1 falchion (holy)
rCold    . . .     Faith    .   (shield restricted)
rNeg     . . .     Spirit   .   a - +0 robe
rPois    +         Reflect  .   s - +0 helmet
rElec    .         Harm     .   (no cloak)
rCorr    .         Rampage  .   (no gloves)
Will     .....                  w - +2 pair of boots
Stlth    +++.......             (no amulet)
HPRegen  0.14/turn              v - +4 ring of protection
MPRegen  0.15/turn              p - ring of poison resistance

@: very slightly contaminated
A: small, nightstalker 3
a: no special abilities


You were on level 6 of the Dungeon.
You visited 1 branch of the dungeon, and saw 6 of its levels.

You collected 271 gold pieces.

Inventory:

Hand Weapons
 r - a +1 falchion of holy wrath (weapon)
 x - a +2 vampiric whip
 y - a +2 flail of protection
Armour
 a - a +0 robe (worn)
 k - a +0 buckler
 s - a +0 helmet (worn)
 w - a +2 pair of boots (worn)
Jewellery
 m - a ring of protection from cold
 p - a ring of poison resistance (right hand)
 v - a +4 ring of protection (left hand)
Scrolls
 e - a scroll of magic mapping {unknown}
 f - a scroll of identify
 h - a scroll of fear {unknown}
 j - a scroll of blinking {unknown}
 n - 2 scrolls of enchant weapon {unknown}
 t - a scroll of enchant armour {unknown}
 u - a scroll of teleportation {unknown}
Potions
 b - a potion of haste
 c - 4 potions of mutation
 d - a potion of attraction {unknown}
 g - 2 potions of curing
 i - a potion of invisibility {unknown}
 l - 2 potions of resistance
 o - a potion of lignification {unknown}
 q - 2 potions of heal wounds


   Skills:
 + Level 2.1 Fighting
 - Level 2.4 Dodging
 - Level 2.6 Stealth
 + Level 5.4 Spellcasting
 - Level 1.0 Transmutations
 * Level 7.8 Poison Magic


You had 10 spell levels left.
You knew the following spells:

 Your Spells              Type           Power        Failure   Level
a - Poisonous Vapours     Pois/Air       38%          3%          2
b - Sting                 Tmut/Pois      84%          1%          1
c - Olgreb's Toxic Radia  Pois           34%          4%          4

Your spell library contained the following spells:

 Spells                   Type           Power        Failure   Level
 Ignite Poison            Fire/Tmut/Pois 16%          11%         3
 Mephitic Cloud           Conj/Pois/Air  15%          12%         3


Dungeon Overview and Level Annotations

Branches:
Dungeon (6/15)
 Temple: D:4-7

Altars:
Dithmenos
Elyvilon
Fedhas
Xom

Shops:
D:6 [!


Innate Abilities, Weirdness & Mutations

You are small and have problems with some larger weapons.
You are completely attuned to the shadows.


Message History

Aim: an orc priest, wielding a +0 flail (wandering, hasn't noticed you)
You miscast Poisonous Vapours.
You are very lightly contaminated with residual magic.
Nothing appears to happen.
The orc priest shouts!
You hear a shout! x2
The orc priest invokes the aid of Beogh against you.
Beogh smites you!
* * * LOW HITPOINT WARNING * * *
Casting: Poisonous Vapours (safe; 3% risk of failure)
Confirm with . or Enter, or press ? or * to list all spells.
Aiming: Poisonous Vapours (safe; 3% risk of failure)
Press: ? - help, Dir - move target, f/p - orc priest
Aim: an orc priest, wielding a +0 flail Poisonous vapours surround the orc priest!
* * * LOW MAGIC WARNING * * *
The orc priest is engulfed in poison gas.
The orc priest is poisoned.
The orc priest mumbles some strange prayers to Beogh against you.
Beogh smites you!
* * * LOW HITPOINT WARNING * * *
Casting: Poisonous Vapours (safe; 3% risk of failure)
Confirm with . or Enter, or press ? or * to list all spells.
Aiming: Poisonous Vapours (safe; 3% risk of failure)
Press: ? - help, Dir - move target, f/p - orc priest
Aim: an orc priest, wielding a +0 flail (lightly wounded, poisoned) Poisonous vapours surround the orc priest!
* * * LOW MAGIC WARNING * * *
The orc priest is engulfed in poison gas.
The orc priest looks even sicker.
The orc priest looks satisfied for a moment.
Unknown command.
You aren't carrying any items that you can evoke.
Unknown command.
Things that are here:
a +0 whip; an orc corpse
Items here: ))) [ ††.
An orc priest is nearby!
The orc priest invokes the aid of Beogh against you.
Beogh smites you!
You die...

#^.....
..###..........
................
######..........
...'.o........
####....o...#
#.#'##†..#
#.#.##)).#
#.#.##@..#
..#.##...#
#.##...# #...#
#...# #...#


You could see an orc priest (very poisoned).

Vanquished Creatures
  An ogre (D:6)
  A phantom (D:4)
  A centaur (D:5)
  A bullfrog (D:6)
  A howler monkey (D:5)
  A bullfrog skeleton (D:6)
  An orc priest (D:5)
  2 iguanas
  Natasha (thrice) (D:3)
  4 orc wizards
  2 worker ants
  A hound zombie (D:5)
  4 gnolls (D:5)
  9 adders
  An ufetubus (D:5)
  2 oozes (D:3)
  A dart slug (D:1)
  5 leopard geckos
  24 orcs
  4 giant cockroaches
  6 goblins
  10 hobgoblins
  4 jackals (D:5)
  2 quokkas
  2 ball pythons (D:2)
  3 bats (D:1)
  7 frilled lizards
  A jackal zombie (D:4)
  5 kobolds
  10 rats
119 creatures vanquished.

Notes
Turn   | Place    | Note
-------+----------+-------------------------------------------
     0 | D:1      | lunkers the Kobold Venom Mage began the quest for the Orb.
     0 | D:1      | Reached XP level 1. HP: 10/10 MP: 3/3
   131 | D:1      | Reached XP level 2. HP: 13/15 MP: 0/5
   675 | D:1      | Reached XP level 3. HP: 19/19 MP: 3/6
   678 | D:1      | Learned a level 2 spell: Poisonous Vapours
  1094 | D:2      | Reached skill level 4 in Poison Magic
  1421 | D:2      | Reached XP level 4. HP: 24/24 MP: 4/8
  1916 | D:2      | Found a shimmering altar of Xom.
  1918 | D:2      | Found a shimmering altar of Xom.
  1921 | D:2      | Found a shimmering altar of Xom.
  1923 | D:2      | Found a shimmering altar of Xom.
  1943 | D:2      | Found a shimmering altar of Xom.
  2173 | D:3      | Noticed Natasha
  2190 | D:3      | Killed Natasha
  2191 | D:3      | Reached XP level 5. HP: 4/28 MP: 0/9
  2489 | D:3      | Learned a level 4 spell: Olgreb's Toxic Radiance
  2609 | D:3      | Reached skill level 5 in Poison Magic
  2752 | D:3      | Noticed Natasha
  2768 | D:3      | Killed Natasha
  3115 | D:3      | Reached XP level 6. HP: 12/32 MP: 1/11
  3385 | D:3      | Noticed Natasha
  3388 | D:3      | Killed Natasha
  3797 | D:4      | Found a shadowy altar of Dithmenos.
  3897 | D:4      | Found a shadowy altar of Dithmenos.
  4149 | D:4      | Reached skill level 6 in Poison Magic
  4774 | D:5      | Entered Level 5 of the Dungeon
  4803 | D:4      | Reached XP level 7. HP: 36/36 MP: 8/13
  5316 | D:5      | Reached skill level 7 in Poison Magic
  5750 | D:5      | Found a white marble altar of Elyvilon.
  5750 | D:5      | Found a blossoming altar of Fedhas.
  5774 | D:5      | Reached skill level 5 in Spellcasting
  5983 | D:6      | Reached skill level 1 in Fighting
  6025 | D:6      | Reached XP level 8. HP: 31/43 MP: 9/15
  6124 | D:6      | Found Basaizy's Distillery.
  6132 | D:6      | Found Ysosuxoe's Antique Armour Emporium.
  6519 | D:6      | HP: 2/44 [orc priest/divine providence (11)]
  6524 | D:6      | Killed from afar by an orc priest

Illustrated notes

Levels and vault maps discovered:
D:1:      dpeg_arrival_tiny_h, layout_rooms
D:2:      layout_rooms, xom_redecorated, minmay_misc_feat_columns
D:3:      layout_rooms, uniq_natasha
D:4:      layout_loops_corners, kennysheep_mini_moat,
          hangedman_decor_clover_reticule, nicolae_dithmenos_shadow_blocks
D:5:      layout_rooms, gammafunk_temple_overflow_statue, grunt_ministairs_1
D:6:      layout_basic, portal_sewer_entry_b, serial_shops,
          nicolae_shop_crystal, nicolae_shop_waterfront

Skill      XL: |  1  2  3  4  5  6  7  8 |
---------------+-------------------------+-----
Poison Magic   | 4 5 6 7 |  7.8
Spellcasting   | 3 4 5 |  5.4
Fighting       | 1 2 |  2.1
Dodging        | |  2.4
Stealth        | |  2.6
Transmutations | |  1.0

Action                   |  1- 3 |  4- 6 |  7- 9 || total
-------------------------+-------+-------+-------++-------
Melee: Unarmed           |       |     5 |       ||     5
       Falchion          |       |    13 |    57 ||    70
 Cast: Sting             |    66 |   111 |     6 ||   183
       Poisonous Vapours |       |     3 |    36 ||    39
       Olgreb's Toxic Ra |       |       |     7 ||     7
  Use: Scroll            |       |       |     5 ||     5
 Stab: Sleeping          |       |     1 |     3 ||     4
Armor: Robe              |       |    14 |    30 ||    44
Dodge: Dodged            |    20 |    68 |    57 ||   145
       Rpst.: Falchion   |       |     9 |    13 ||    22

Table legend: (Time is in decaauts)
 A = Elapsed time spent in this place.
 B = Non-inter-level travel time spent in this place.
 C = Inter-level travel time spent in this place.
 D = Time resting spent in this place.
 E = Time spent auto-exploring this place.
 F = Levels seen in this place.
 G = Mean time per level.
                   A        B        C        D        E       F      G
               +--------+--------+--------+--------+--------+-----+--------+
         Total |   6549 |   6424 |    125 |    148 |   5367 |   6 | 1091.5 |
       Dungeon |   6549 |   6424 |    125 |    148 |   5367 |   6 | 1091.5 |
               +--------+--------+--------+--------+--------+-----+--------+

Top non-repeatable levels by time:
     D:4: 1317 daAuts
     D:3: 1307 daAuts
     D:2: 1218 daAuts
     D:5: 1106 daAuts
     D:1: 1026 daAuts
     D:6: 572 daAuts
